 Dungeon Crawl Stone Soup version 0.24.0-123-gd5b16e6ec5 (webtiles) character file.

Game seed: 10120515394151205969, levelgen mode: deterministic

115 eccles the Skirmisher (level 4, -3/33 HPs)
             Began as a Demonspawn Abyssal Knight on Jan 22, 2020.
             Was a Believer of Lugonu.
             Succumbed to an orc wizard's poison
             ... on level 3 of the Dungeon.
             The game lasted 00:10:42 (1765 turns).

eccles the Skirmisher (Demonspawn Abyssal Knight)   Turns: 1765, Time: 00:10:42

Health: -3/33      AC:  7    Str: 14    XL:     4   Next: 68%
Magic:  6/6        EV: 10    Int: 13    God:    Lugonu [**....]
Gold:   66         SH:  0    Dex: 12    Spells: 3/3 levels left

rFire    . . .     SeeInvis .   a - +1 falchion
rCold    . . .     Gourm    .   (no shield)
rNeg     . . .     Faith    .   p - +0 ring mail
rPois    .         Spirit   .   (no helmet)
rElec    .         Reflect  .   (no cloak)
rCorr    .         Harm     .   (no gloves)
MR       .....                  (no boots)
Stlth    +.........             (no amulet)
HPRegen  0.11/turn              (no ring)
MPRegen  0.10/turn              (no ring)

@: lethally poisoned (-3 -> -60)
A: hooves 2, molten scales 1, frail 1, high mp 1
a: Depart the Abyss, Bend Space, Renounce Religion


You were on level 3 of the Dungeon.
You worshipped Lugonu.
Lugonu was pleased with you.
You were not hungry.

You visited 1 branch of the dungeon, and saw 3 of its levels.
You visited the Abyss 1 time.

You collected 66 gold pieces.

Inventory:

Hand Weapons
 a - a +1 falchion (weapon)
 m - a +0 mace
Missiles
 e - 53 stones
 l - 3 datura-tipped darts (quivered)
 o - 21 arrows
Armour
 b - a +0 leather armour
 p - a +0 ring mail (worn)
Jewellery
 d - an uncursed ring of magical power {unknown}
 j - an uncursed ring of protection from magic {unknown}
Scrolls
 g - 2 scrolls of magic mapping {unknown}
 h - 2 scrolls of teleportation {unknown}
 n - a scroll of enchant weapon {unknown}
Comestibles
 c - a ration
 f - 2 chunks of flesh


   Skills:
 * Level 3.6 Fighting
 * Level 3.2 Long Blades
 * Level 2.5 Armour
 + Level 0.9 Dodging
 + Level 0.9 Stealth
 + Level 2.7 Invocations


You had 3 spell levels left.
You didn't know any spells.
Your spell library contained the following spells:

 Spells                   Type           Power        Failure   Level  Hunger
 Confusing Touch          Hex            #.....       52%         1    ##.....
 Confuse                  Hex            #.......     88%         3    ####...
 Gell's Gravitas          Tloc           #.........   88%         3    ####...
 Petrify                  Tmut/Erth      #.......     99%         4    #####..
 Metabolic Englaciation   Hex/Ice        #.........   100%        5    ######.
 Yara's Violent Unravell  Hex/Tmut       #.........   100%        5    ######.


Dungeon Overview and Level Annotations

Branches:
Dungeon (3/15)

Altars:
Ashenzari


Innate Abilities, Weirdness & Mutations

You have hoof-like feet.
You are partially covered in molten scales. (AC +2)
You are frail. (-10% HP)
You have an increased reservoir of magic. (+10% MP)


Message History

* * * LOW HITPOINT WARNING * * *
You feel very sick.
You hear some strange, mumbled words.
A puff of flame appears from out of thin air!
The puff of flame misses you.
It was a potion of mutation.
You feel extremely strange.
You feel frail.
Your feet thicken and deform.
You feel more energetic.
* * * LOW HITPOINT WARNING * * *
You feel very sick. Something hits you but does no damage.
You are more poisoned.
It was a potion of cancellation.
You feel magically purged.
* * * LOW HITPOINT WARNING * * *
You feel very sick. Something hits you but does no damage.
You are more poisoned.
You aren't carrying any potions.
Okay, then.
You miss something. You kick something.
You die...

..?.... ....... .......
###...... ##...... #.
#....####.# #.#
##.......... #.#
#{))....?... ...
#.@#....o... #.###.#
###..#........ #.#....
#....#........
#.#.#.#####.#.##........
#.#.#.......#.#######...
#.#.#..######.# ...
#.#...........#
#.#.#..#####..#
#..........#..#


There were no monsters in sight!

Vanquished Creatures
  3 gnolls (D:2)
  2 adders (D:2)
  A worm (D:2)
  2 dart slugs (D:1)
  4 leopard geckos
  3 orcs (D:3)
  4 giant cockroaches
  5 goblins
  5 hobgoblins
  4 jackals (D:1)
  A quokka (D:2)
  2 ball pythons (D:2)
  3 bats
  3 frilled lizards
  7 kobolds
  5 rats
54 creatures vanquished.

Vanquished Creatures (collateral kills)
  A hobgoblin (D:2)
1 creature vanquished.

Grand Total: 55 creatures vanquished

Notes
Turn   | Place    | Note
-------+----------+-------------------------------------------
     0 | Abyss:1  | eccles the Demonspawn Abyssal Knight began the quest for
                  | the Orb.
     0 | Abyss:1  | Reached XP level 1. HP: 18/18 MP: 2/2
    26 | Abyss:1  | Noticed a large abomination
    28 | D:1      | Escaped the Abyss
   120 | D:1      | Reached * piety under Lugonu
   120 | D:1      | Gained mutation: You are partially covered in molten
                  | scales. (AC +2) [demonic ancestry]
   120 | D:1      | Reached XP level 2. HP: 24/24 MP: 3/3
   698 | D:1      | Reached XP level 3. HP: 29/29 MP: 5/5
  1240 | D:2      | Gained mutation: You have large cloven feet. [demonic
                  | ancestry]
  1240 | D:2      | Reached XP level 4. HP: 21/36 MP: 6/6
  1296 | D:2      | Found a shattered altar of Ashenzari.
  1702 | D:3      | Reached ** piety under Lugonu
  1763 | D:3      | Gained mutation: You are frail. (-10% HP) [potion of
                  | mutation]
  1763 | D:3      | Gained mutation: You have hoof-like feet. [potion of
                  | mutation]
  1763 | D:3      | Gained mutation: You have an increased reservoir of magic.
                  | (+10% MP) [potion of mutation]
  1765 | D:3      | Succumbed to an orc wizard's poison

Levels and vault maps discovered:
D:1:      minmay_arrival_four_circles, layout_loops_corners
D:2:      layout_basic, lemuel_doored_altar
D:3:      layout_basic, first_ration, uniq_crazy_yiuf_cottage

Skill      XL: |  1  2  3  4 |
---------------+-------------+-----
Armour         | 2 |  2.5
Long Blades    | 2 3 |  3.2
Fighting       | |  3.6
Dodging        | |  0.9
Stealth        | |  0.9
Invocations    | |  2.7

Action                   |  1- 3 |  4- 6 || total
-------------------------+-------+-------++-------
Melee: Falchion          |   115 |    26 ||   141
       Kick              |       |     6 ||     6
Throw: Dart              |     2 |       ||     2
Invok: Depart the Abyss  |     1 |       ||     1
  Use: Potion            |       |     4 ||     4
 Stab: Sleeping          |     2 |       ||     2
       Invisible         |       |     1 ||     1
  Eat: Chunk             |     1 |     2 ||     3
Armor: Leather armour    |    41 |     2 ||    43
       Ring mail         |       |     6 ||     6
Dodge: Dodged            |    80 |    18 ||    98
       Rpst.: Falchion   |    29 |     6 ||    35
